 Dungeon Crawl Stone Soup version 0.24.0-1-gfbc8707122 (webtiles) character file.

Game seed: 447453296341908281, levelgen mode: deterministic

7329 Gynju the Arsonist (level 10, -1/56 HPs)
             Began as a Deep Elf Fire Elementalist on Oct 26, 2019.
             Was a Believer of Vehumet.
             Shot with a sling bullet by Joseph (2 damage)
             ... on level 10 of the Dungeon.
             The game lasted 00:38:41 (14799 turns).

Gynju the Arsonist (Deep Elf Fire Elementalist)    Turns: 14799, Time: 00:38:42

Health: -1/56      AC:  7    Str:  5    XL:     10   Next: 90%
Magic:  15/25      EV: 18    Int: 24    God:    Vehumet [**....]
Gold:   440        SH:  8    Dex: 15    Spells: 10/27 levels left

rFire    . . .     SeeInvis .   l - +2 dagger (holy)
rCold    . . .     Gourm    .   v - +0 buckler
rNeg     . . .     Faith    .   a - +0 robe
rPois    .         Spirit   .   x - +0 helmet
rElec    .         Reflect  +   m - +0 cloak
rCorr    .         Harm     .   A - +0 pair of gloves
MR       ++...                  b - +1 pair of boots
Stlth    ++........             p - +3 amulet of reflection
HPRegen  0.18/turn              k - ring of protection from magic
MPRegen  0.19/turn              (no ring)

@: no status effects
A: no striking features
a: Renounce Religion


You were on level 10 of the Dungeon.
You worshipped Vehumet.
Vehumet was pleased with you.
You were not hungry.

You visited 2 branches of the dungeon, and saw 11 of its levels.

You collected 440 gold pieces.

Inventory:

Hand Weapons
 l - a +2 dagger of holy wrath (weapon)
Missiles
 h - 209 stones (quivered)
 w - 10 poisoned darts
 H - 3 atropa-tipped darts
Armour
 a - a +0 robe (worn)
 b - a +1 pair of boots (worn)
 m - a +0 cloak (worn)
 v - a +0 buckler (worn)
 x - a +0 helmet (worn)
 y - the cursed +1 ring mail of Xom's Approval {+Fly rC+ rCorr Dex+2}
   (You found it on level 7 of the Dungeon)

   It affects your dexterity (+2).
   It protects you from cold.
   It lets you fly.
   It provides partial protection from all sources of acid and corrosion.
   It has a curse placed upon it.
 A - a +0 pair of gloves (worn)
Jewellery
 k - a ring of protection from magic (left hand)
 o - an uncursed ring of protection from cold {unknown}
 p - a +3 amulet of reflection (around neck)
 G - a +3 ring of evasion
 K - an uncursed ring of magical power {unknown}
Wands
 s - a wand of disintegration (13)
 u - a wand of paralysis (12)
 z - a wand of flame (11)
 B - a wand of random effects (14)
 C - a wand of polymorph (8)
 D - a wand of acid (7)
Scrolls
 j - 5 scrolls of teleportation
 q - 2 scrolls of amnesia
 r - a scroll of enchant armour {unknown}
 E - a scroll of noise {unknown}
 F - a scroll of acquirement {unknown}
Potions
 d - a potion of resistance
 e - a potion of heal wounds
 f - 2 potions of brilliance
 g - 2 potions of might
 i - a potion of degeneration {unknown}
 n - a potion of agility {unknown}
 t - 3 potions of magic {unknown}
 I - a potion of lignification {unknown}
 J - a potion of curing {unknown}
Comestibles
 c - 15 rations


   Skills:
 + Level 3.5 Fighting
 + Level 9.0 Dodging
 - Level 2.4 Stealth
 - Level 4.1 Shields
 + Level 9.4 Spellcasting
 + Level 7.3 Conjurations
 - Level 5.1 Hexes
 - Level 10.1 Fire Magic


You had 10 spell levels left.
You knew the following spells:

 Your Spells              Type           Power        Failure   Level  Hunger
a - Flame Tongue          Conj/Fire      #####        1%          1    None
b - Conjure Flame         Conj/Fire      ######..     1%          3    None
c - Sticky Flame          Conj/Fire      ######..     1%          4    ##.....
d - Tukima's Dance        Hex            #####...     1%          3    None
e - Animate Skeleton      Necr           N/A          5%          1    None
f - Fireball              Conj/Fire      ######....   4%          5    ####...

Your spell library contained the following spells:

 Spells                   Type           Power        Failure   Level  Hunger
 Ignite Poison            Fire/Tmut/Pois ####....     4%          3    None
 Corona                   Hex            #####..      1%          1    None
 Slow                     Hex            #####...     1%          2    None
 Throw Flame              Conj/Fire      ######       1%          2    None
 Inner Flame              Hex/Fire       #####...     1%          3    None
 Apportation              Tloc           ##....       5%          1    None
 Pain                     Necr           ##..         5%          1    None
 Summon Butterflies       Summ           ##......     5%          1    None
 Portal Projectile        Hex/Tloc       ###...       6%          3    None
 Cause Fear               Hex            #####.....   7%          4    ##.....
 Lesser Beckoning         Tloc           ##........   17%         3    None
 Regeneration             Chrm/Necr      ##........   17%         3    None
 Vampiric Draining        Necr           ##........   17%         3    None
 Leda's Liquefaction      Hex/Erth       ###.......   19%         4    ##.....
 Animate Dead             Necr           N/A          50%         4    ##.....
 Invisibility             Hex            #####...     71%         6    ######.
 Alistair's Intoxication  Tmut/Pois      ##......     83%         5    ####...


Dungeon Overview and Level Annotations

Branches:
Dungeon (10/15)            Temple (1/1) D:5            Lair (0/6) D:10
    Orc: D:9-12

Altars:
Ashenzari
Cheibriados
Dithmenos
Elyvilon
Fedhas
Gozag
Hepliaklqana
Kikubaaqudgha
Makhleb
Nemelex Xobeh
Okawaru
Qazlal
Ru
Sif Muna
Trog
Uskayaw
Vehumet
Wu Jian
Xom
Yredelemnul
Zin
The Shining One

Shops:
D:6 }

Annotations:
D:4 3 runed translucent doors, Zaque's ghost, amateur MiBe
D:6 2 transporters, Fistmachine's ghost, amateur FeVM
D:7 exclusion: oklob plant
D:9 3 runed translucent doors, exclusion: door, skelma's ghost, novice FeMo
D:10 Joseph


Message History

Joseph is severely wounded.
Joseph shoots a sling bullet.
The sling bullet misses you.
Casting: Flame Tongue (safe; 1% risk of failure)
Confirm with . or Enter, or press ? or * to list all spells.
Aiming: Flame Tongue (safe; 1% risk of failure)
Press: ? - help, Shift-Dir - straight line, f/p - Joseph
Aim: Joseph, wielding a +0 hunting sling and wearing a +0 leather armour (severely wounded)
The flame tongue hits Joseph.
Joseph is almost dead.
Joseph shoots a sling bullet.
The sling bullet hits you!
* * * LOW HITPOINT WARNING * * *
Casting: Flame Tongue (safe; 1% risk of failure)
Confirm with . or Enter, or press ? or * to list all spells.
Aiming: Flame Tongue (safe; 1% risk of failure)
Press: ? - help, Shift-Dir - straight line, f/p - Joseph
Aim: Joseph, wielding a +0 hunting sling and wearing a +0 leather armour (almost dead)
The flame tongue hits Joseph.
Joseph is almost dead.
Joseph shoots a sling bullet.
The sling bullet hits you.
You die...

#.# #.....# #.# ##.######
#.# ###.....#.# #.#
##...###.#.#
###+######..#.#...#.#### #
#........#.##.###.#....# #
#..[.....#.##...#.#.##.####
#........#(##.#.#<#.##....'
#........ยง@##...#...#######
#......@.#########.## #
#......[.# #.## ##
####.(#### #..# #. #..##
##.# ##. ..... #.# #..
#...... #######'### #..
#...?.. #.........###..
#...... #.........#....


You could see Joseph.

Vanquished Creatures
  A hydra (D:9)
  2 two-headed ogres
  A komodo dragon (D:10)
  A hippogriff (D:7)
  A human (D:8)
  4 hogs (D:8)
  A hungry ghost (D:10)
  Duvessa (D:4)
  2 orc warriors
  3 sky beasts
  2 necrophages
  A black bear (D:7)
  4 ogres
  2 centaurs
  2 big kobolds (D:9)
  4 bullfrogs
  Blork the orc (D:5)
  Dowan (D:4)
  A gnoll sergeant (D:8)
  A water moccasin zombie (D:10)
  2 scorpions
  9 killer bees
  3 howler monkeys
  A crimson imp (D:5)
  A centaur zombie (D:10)
  A bullfrog zombie (D:5)
  2 quasits
  2 hounds
  Crazy Yiuf (D:3)
  5 orc priests
  18 orc wizards
  An iguana (D:8)
  Natasha (thrice) (D:3)
  Terence (D:1)
  5 worker ants
  2 hound skeletons
  A howler monkey zombie (D:9)
  4 gnolls (D:8)
  2 river rats (D:4)
  8 adders
  3 shadow imps
  An ooze (D:1)
  2 adder skeletons
  An adder zombie (D:8)
  5 worms
  3 leopard geckos
  34 orcs
  3 ball pythons (D:4)
  9 bats
  3 giant cockroaches
  6 hobgoblins
  3 jackals (D:1)
  13 kobolds
  6 quokkas
  3 frilled lizards
  3 goblins
  6 rats
212 creatures vanquished.

Vanquished Creatures (collateral kills)
  A crimson imp (D:9)
  A worker ant (D:9)
2 creatures vanquished.

Vanquished Creatures (others)
  2 dancing weapons (D:9)
  An orc warrior (D:9)
  3 plants (D:10)
6 creatures vanquished.

Grand Total: 220 creatures vanquished

Notes
Turn   | Place    | Note
-------+----------+-------------------------------------------
     0 | D:1      | Gynju the Deep Elf Fire Elementalist began the quest for
                  | the Orb.
     0 | D:1      | Reached XP level 1. HP: 10/10 MP: 6/6
   294 | D:1      | Reached XP level 2. HP: 15/15 MP: 6/8
   596 | D:1      | Reached skill level 4 in Fire Magic
  1130 | D:2      | Noticed Terence
  1461 | D:2      | Reached XP level 3. HP: 13/19 MP: 6/9
  1466 | D:2      | Learned a level 3 spell: Conjure Flame
  1583 | D:2      | Found an iron altar of Okawaru.
  2163 | D:2      | Found a faded altar of an unknown god.
  2809 | D:1      | Killed Terence
  2809 | D:1      | Reached skill level 5 in Fire Magic
  2809 | D:1      | Reached XP level 4. HP: 24/24 MP: 0/10
  2916 | D:1      | Learned a level 4 spell: Sticky Flame
  2927 | D:3      | Noticed Natasha
  2932 | D:3      | Killed Natasha
  3033 | D:3      | Noticed Natasha
  3037 | D:3      | Killed Natasha
  3037 | D:3      | Reached XP level 5. HP: 18/28 MP: 7/11
  3095 | D:3      | Noticed Natasha
  3101 | D:3      | Killed Natasha
  3479 | D:3      | Found a runed translucent door.
  3480 | D:3      | Noticed Crazy Yiuf
  3488 | D:3      | Killed Crazy Yiuf
  4277 | D:4      | Found a runed translucent gate.
  4277 | D:4      | Found a runed translucent gate.
  4277 | D:4      | Found a runed translucent gate.
  4278 | D:4      | Found an opulent altar of Gozag.
  4279 | D:4      | Noticed a troll
  4279 | D:4      | Noticed Zaque's ghost (amateur MiBe)
  4407 | D:4      | Noticed Duvessa
  4419 | D:4      | Reached XP level 6. HP: 24/32 MP: 7/13
  4547 | D:4      | Killed Duvessa
  4547 | D:4      | Reached skill level 6 in Fire Magic
  4744 | D:4      | Noticed Dowan
  4762 | D:4      | Killed Dowan
  5297 | D:4      | Reached XP level 7. HP: 36/36 MP: 8/15
  5571 | D:5      | Entered Level 5 of the Dungeon
  5662 | D:5      | Noticed Blork the orc
  5797 | D:5      | Reached skill level 5 in Dodging
  6005 | D:5      | Reached skill level 5 in Spellcasting
  6005 | D:5      | Reached skill level 7 in Fire Magic
  6140 | D:5      | Found a staircase to the Ecumenical Temple.
  6149 | Temple   | Entered the Ecumenical Temple
  6319 | Temple   | Became a worshipper of Vehumet
  7245 | D:5      | Killed Blork the orc
  7245 | D:5      | Reached XP level 8. HP: 41/41 MP: 6/18
  7401 | D:6      | Found a transporter.
  7567 | D:6      | Found Fiohe's Gadget Shoppe.
  7665 | D:6      | Found a transporter.
  7706 | D:6      | Noticed Fistmachine's ghost (amateur FeVM)
  7722 | D:6      | Reached skill level 8 in Fire Magic
  8884 | D:7      | Found a burning altar of Makhleb.
  8885 | D:7      | Noticed an oklob plant
  9070 | D:7      | Learned a level 3 spell: Tukima's Dance
  9185 | D:7      | Noticed a hippogriff
  9195 | D:7      | Killed a hippogriff
  9195 | D:7      | Reached skill level 5 in Conjurations
  9195 | D:7      | Reached skill level 1 in Hexes
  9195 | D:7      | Reached skill level 9 in Fire Magic
  9383 | D:7      | Reached * piety under Vehumet
  9383 | D:7      | Offered knowledge of Sting by Vehumet.
  9383 | D:7      | Reached XP level 9. HP: 45/45 MP: 10/21
  9386 | D:7      | Learned a level 1 spell: Animate Skeleton
  9488 | D:7      | Got a shimmering ring mail
  9490 | D:7      | Identified the cursed +1 ring mail of Xom's Approval {+Fly
                  | rC+ rCorr Dex+2} (You found it on level 7 of the Dungeon)
 10252 | D:8      | Noticed a two-headed ogre
 10264 | D:8      | Killed a two-headed ogre
 10733 | D:8      | Found a faded altar of an unknown god.
 10733 | D:8      | Found a white marble altar of Elyvilon.
 10738 | D:8      | Found an ornate altar of the Wu Jian Council.
 10740 | D:8      | Found a basalt altar of Yredelemnul.
 10741 | D:8      | Found a bloodstained altar of Trog.
 10844 | D:8      | Reached skill level 1 in Fighting
 11060 | D:8      | Reached XP level 10. HP: 52/52 MP: 17/23
 12311 | D:9      | Reached ** piety under Vehumet
 12316 | D:9      | Offered knowledge of Sandblast by Vehumet.
 13019 | D:9      | Found a runed translucent gate.
 13020 | D:9      | Found a runed translucent gate.
 13020 | D:9      | Found a runed translucent gate.
 13023 | D:9      | Noticed skelma's ghost (novice FeMo)
 13054 | D:9      | Noticed a two-headed ogre
 13056 | D:9      | Noticed a five-headed hydra
 13102 | D:9      | Learned a level 5 spell: Fireball
 13106 | D:9      | Killed a two-headed ogre
 13106 | D:9      | Reached skill level 5 in Hexes
 13408 | D:9      | Killed a five-headed hydra
 13408 | D:9      | Reached skill level 10 in Fire Magic
 13956 | D:9      | Found a shimmering altar of Xom.
 13957 | D:9      | Found a burning altar of Makhleb.
 14101 | D:10     | Entered Level 10 of the Dungeon
 14393 | D:10     | Found a staircase to the Lair.
 14521 | D:10     | Offered knowledge of Ignite Poison by Vehumet.
 14777 | D:10     | Noticed Joseph
 14798 | D:10     | HP: 1/56 [Joseph/sling bullet (14)]
 14799 | D:10     | Shot with a sling bullet by Joseph

Levels and vault maps discovered:
D:1:      dpeg_arrival_castle, layout_loops_corners
D:2:      layout_basic, serial_forest, infiniplex_forest_split,
          infiniplex_forest_straight_3, infiniplex_forest_lined_1,
          infiniplex_forest_clump_large, infiniplex_forest_diagonal,
          infiniplex_forest_straight_2, chequers_ecumenical_altar_simple_redux,
          okawaru_ov_weapons_minmay, uniq_terence
D:3:      layout_loops_ring, serial_rivers, chequers_serial_rivers_room_b,
          chequers_serial_rivers_micro_a, chequers_serial_rivers_small_b,
          chequers_serial_rivers_room_a, first_ration, uniq_natasha,
          uniq_crazy_yiuf_cottage
D:4:      layout_basic, portal_sewer_entry_b, ebering_ghost_gozag, uniq_duvessa
D:5:      layout_gridville, minmay_temple_entry_antechambers, uniq_blork_the_orc
D:6:      layout_basic, gammafunk_ghost_mausoleum, serial_shops, shop_statue,
          bh_walls_and_bars
D:7:      layout_rooms, lemuel_oklob_altar
D:8:      layout_basic, chequers_temple_overflow_minitemple, grunt_livestock
D:9:      layout_roguey, grunt_temple_overflow_champion_of_chaos,
          ebering_ghost_rock_garden
D:10:     layout_roguey, david_lair_shrubbed, hex_medium, uniq_joseph
Temple:   eino_temple_rhombus

Skill      XL: |  1  2  3  4  5  6  7  8  9 10 |
---------------+-------------------------------+-----
Dodging        | 3 4 5 6 7 9 |  9.0
Fire Magic     | 4 5 6 7 9 10 | 10.1
Conjurations   | 2 3 4 5 6 7 |  7.3
Spellcasting   | 4 5 7 9 |  9.4
Hexes          | 2 3 5 |  5.1
Shields        | 4 |  4.1
Fighting       | 1 3 |  3.5
Stealth        | |  2.4

Action                   |  1- 3 |  4- 6 |  7- 9 | 10-12 || total
-------------------------+-------+-------+-------+-------++-------
Melee: Quarterstaff      |       |       |    27 |       ||    27
       Dagger            |       |       |       |    35 ||    35
Throw: Stone             |       |     3 |    15 |    19 ||    37
 Cast: Flame Tongue      |    74 |    96 |   251 |   207 ||   628
       Conjure Flame     |     1 |     3 |    11 |    10 ||    25
       Sticky Flame      |       |     1 |     2 |       ||     3
       Animate Skeleton  |       |       |     4 |    11 ||    15
       Tukima's Dance    |       |       |     4 |     8 ||    12
       Fireball          |       |       |       |     6 ||     6
  Use: Scroll            |       |     3 |     4 |     6 ||    13
  Eat: Chunk             |     4 |    10 |    17 |     5 ||    36
       Ration            |       |       |       |     3 ||     3
Armor: Robe              |     2 |     1 |    31 |    35 ||    69
Dodge: Dodged            |    10 |    15 |    73 |    77 ||   175
Block: Buckler           |       |       |     5 |    42 ||    47
       Reflection        |       |       |       |     8 ||     8
